 Dungeon Crawl Stone Soup version 0.20-a0-941-gba1b1f9 (webtiles) character file.

27 varam the Sneak (level 2, -1/13 HPs)
             Began as a Spriggan Enchanter on Mar 31, 2017.
             Slain by a leopard gecko (5 damage)
             ... on level 1 of the Dungeon.
             The game lasted 00:01:59 (546 turns).

varam the Sneak (Spriggan Enchanter)                 Turns: 546, Time: 00:02:00

Health: -1/13      AC:  2    Str:  4    XL:     2   Next: 93%
Magic:  6/7        EV: 18    Int: 16    God:
Gold:   40         SH:  0    Dex: 16    Spells: 4/7 levels left

rFire    . . .     SeeInvis +   a - +1 dagger
rCold    . . .     Gourm    .   (shield restricted)
rNeg     . . .     Faith    .   b - +0 robe
rPois    .         Spirit   .   (helmet restricted)
rElec    .         Reflect  .   (no cloak)
rCorr    .         Harm     .   (gloves unavailable)
MR       .....                  (boots unavailable)
Stlth    +++.......             (no amulet)
Regen    0.1/turn               (no ring)
MPRegen  0.1/turn               (no ring)

@: very quick
A: unfitting armour, see invisible, herbivore 3, speed 3, slow metabolism 2
a: no special abilities


You were on level 1 of the Dungeon.
You were not hungry.

You visited 1 branch of the dungeon, and saw 1 of its levels.

You collected 40 gold pieces.

Inventory:

Hand Weapons
 a - a +1 dagger (weapon)
Armour
 b - a +0 robe (worn)
Scrolls
 f - a scroll of identify {unknown}
 h - 2 scrolls of teleportation {unknown}
 i - a scroll of remove curse {unknown}
Potions
 e - a potion of lignification {unknown}
 g - a potion of agility {unknown}
Books
 c - a book of Maledictions

   Spells                             Type                      Level
   a - Corona                         Hexes                        1
   b - Ensorcelled Hibernation        Hexes/Ice                    2
   c - Confuse                        Hexes                        3
   d - Tukima's Dance                 Hexes                        3
   e - Dazzling Spray                 Conjuration/Hexes            3
Comestibles
 d - a bread ration


   Skills:
 + Level 2.0 Short Blades
 - Level 3.1 Dodging
 + Level 5.2 Stealth
 - Level 3.0 Spellcasting
 - Level 3.7 Hexes


You had 4 spell levels left.
You knew the following spells:

 Your Spells              Type           Power        Failure   Level  Hunger
a - Corona                Hex            ##.....      4%          1    #......
b - Ensorcelled Hibernat  Hex/Ice        #.....       14%         2    ##.....


Dungeon Overview and Level Annotations

Branches:
Dungeon (1/15)

Altars:


Innate Abilities, Weirdness & Mutations

You are very small and have problems with some larger weapons.
You are too small for most types of armour.
You have supernaturally acute eyesight. (SInv)
You are a herbivore.
You cover ground extremely quickly.
You need consume almost no food.


Message History

The leopard gecko closely misses you.
You hit the leopard gecko.
The leopard gecko is moderately wounded.
The leopard gecko closely misses you.
You closely miss the leopard gecko.
The leopard gecko is moderately wounded.
The leopard gecko closely misses you.
You hit the leopard gecko.
The leopard gecko is almost dead.
The leopard gecko bites you.
You closely miss the leopard gecko.
The leopard gecko is severely wounded.
The leopard gecko misses you.
You hit the leopard gecko.
The leopard gecko is almost dead.
The leopard gecko barely misses you.
You barely miss the leopard gecko.
The leopard gecko is almost dead.
The leopard gecko bites you.
You die...

#### #... #.## #.#
######### #.#
........################.#
......†.'l@..)..........>#
.........#######.##########
..######## #......# #.#
#......# #.# #......# ###
####.######## #......+ ...
#...........# #......######
#...........# #............
###...........#
#............


You could see a leopard gecko.

Vanquished Creatures
  3 dart slugs (D:1)
  6 giant cockroaches (D:1)
  A goblin (D:1)
  2 hobgoblins (D:1)
  A bat (D:1)
  4 frilled lizards (D:1)
  A kobold (D:1)
  3 rats (D:1)
21 creatures vanquished.

Notes
Turn   | Place    | Note
-------+----------+-------------------------------------------
     0 | D:1      | varam the Spriggan Enchanter began the quest for the Orb.
     0 | D:1      | Reached XP level 1. HP: 9/9 MP: 5/5
   150 | D:1      | Reached skill level 3 in Spellcasting
   202 | D:1      | Reached XP level 2. HP: 13/13 MP: 7/7
   272 | D:1      | Learned a level 2 spell: Ensorcelled Hibernation
   322 | D:1      | Reached skill level 5 in Stealth
   512 | D:1      | Reached skill level 2 in Short Blades
   546 | D:1      | Slain by a leopard gecko

Vault maps used:
D:1:      doesnt_arrival_eight_statues

Skill      XL: |  1  2 |
---------------+-------+-----
Spellcasting   | 3 |  3.0
Stealth        | 5 |  5.2
Short Blades   | 2 |  2.0
Dodging        | |  3.1
Hexes          | |  3.7

Action                   || total
-------------------------++-------
Melee: Dagger            ||    75
 Cast: Corona            ||     5
 Stab: Sleeping          ||     7
Armor: Robe              ||     6
Dodge: Dodged            ||    54
